 Dungeon Crawl Stone Soup version 0.32-a0-42-ga30500b4d3 (webtiles) character file.

Game seed: 10538582005985769901

5 lunkers the Grave Robber (level 1, -2/13 HPs)
             Began as a Vampire Necromancer on Jan 30, 2024.
             Slain by a hobgoblin (3 damage)
             ... on level 1 of the Dungeon.
             The game lasted 00:00:22 (271 turns).

lunkers the Grave Robber (Vampire Necromancer)       Turns: 271, Time: 00:00:22

Health: -2/13      AC:  2    Str:  7    XL:     1   Next: 66%
Magic:  0/3        EV: 12    Int: 17    God:
Gold:   49         SH:  0    Dex: 14    Spells: 3/4 levels left

rFire   . . .        d - staff of air
rCold   . . .        (no shield)
rNeg    . . .        a - +0 robe
rPois   .            (no helmet)
rElec   +            (no cloak)
rCorr   .            (no gloves)
SInv    +            (no boots)
Will    .....        (no amulet)
Stlth   ++           (no ring)
HPRegen 0.42/turn    (no ring)
MPRegen 0.08/turn

%: no passive effects
@: healing quickly
A: alive, fangs 3, see invisible, vampiric 1
a: Exsanguinate


You were on level 1 of the Dungeon.
You visited 1 branch of the dungeon, and saw 1 of its levels.

You collected 49 gold pieces.

Inventory:

Armour
 a - a +0 robe (worn)
Magical Staves
 d - a staff of air (weapon)
Scrolls
 e - a scroll of silence {unknown}
Potions
 b - a potion of magic
 c - a potion of mutation {unknown}


   Skills:
 - Level 2.1 Dodging
 - Level 3.0 Stealth
 + Level 2.1 Spellcasting
 * Level 4.6 Necromancy


You had 3 spell levels left.
You knew the following spells:

 Your Spells              Type           Power      Damage    Failure   Level
a - Necrotise             Necr           68%        1d7       2%          1

Your spell library contained the following spells:

 Spells                   Type           Power      Damage    Failure   Level
 Vampiric Draining        Necr           17%        2d7       9%          3
 Animate Dead             Necr           17%        N/A       28%         4
 Curse of Agony           Necr           17%        N/A       61%         5


Dungeon Overview and Level Annotations

Branches:
Dungeon (1/15)

Altars:


Innate Abilities, Weirdness & Mutations

Your natural rate of healing is accelerated.
You have razor-sharp teeth.
You have supernaturally acute eyesight. (SInv)
You are afflicted with vampirism.


Message History

The ball python constricts your ball python skeleton.
The hobgoblin barely misses you.
You hit the hobgoblin.
The hobgoblin is severely wounded.
The ball python bites your ball python skeleton.
Your ball python skeleton is destroyed!
The hobgoblin hits you.
You closely miss the hobgoblin.
The hobgoblin is severely wounded.
The hobgoblin barely misses you.
Casting: Necrotise (safe; 3% risk of failure)
Confirm with . or Enter, or press ? or * to list all spells.
The hobgoblin writhes in agony!
You kill the hobgoblin!
The dead are walking!
Something bites your hobgoblin skeleton.
Something completely misses your hobgoblin skeleton.
Unknown command.
You hit the hobgoblin but do no damage.
Something bites your hobgoblin skeleton.
Something grabs your hobgoblin skeleton.
Your hobgoblin skeleton is constricted.
The hobgoblin hits you.
Something bites your hobgoblin skeleton.
Your hobgoblin skeleton is constricted.
Your hobgoblin skeleton is destroyed!
The hobgoblin hits you.
* * * LOW HITPOINT WARNING * * *
You hit the hobgoblin.
The hobgoblin is almost dead.
The hobgoblin hits you but does no damage.
Unknown command.
You barely miss the hobgoblin.
The hobgoblin is almost dead.
The hobgoblin hits you.
* * * LOW HITPOINT WARNING * * *
Unknown command.
You hit the hobgoblin but do no damage.
The hobgoblin is severely wounded.
The hobgoblin hits you.
You die...

#.#
#######.####
#......(...#
#.#####.##.#
#######.# #.#
#.......# #.#
#.####### #.#
#...# #.#
###@# #.#
#g#### #.#
#gS..# #.#
#.....S......#
#.#
#............#
#.#
#............#
#.#
#............#
#.#
#............#
#.##
#...†........#
#..#


You could see a hobgoblin, a goblin and 2 ball pythons.

Vanquished Creatures
  2 endoplasms (D:1)
  A hobgoblin (D:1)
  A ball python (D:1)
4 creatures vanquished.

Vanquished Creatures (collateral kills)
  A rat (D:1)
1 creature vanquished.

Grand Total: 5 creatures vanquished

Notes
Turn   | Place    | Note
-------+----------+-------------------------------------------
     0 | D:1      | lunkers the Vampire Necromancer began the quest for the
                  | Orb.
     0 | D:1      | Reached XP level 1. HP: 13/13 MP: 3/3
   271 | D:1      | Slain by a hobgoblin

Illustrated notes

Levels and vault maps discovered:
D:1:      heliophobic_arrival_dark_side_of_the_moon, layout_basic

Action                     || total
---------------------------++-------
  Melee: Staff             ||    10
         Bite              ||     1
   Cast: Necrotise         ||     7
 Armour: Robe              ||     9
  Dodge: Dodged            ||     4

Table legend: (Time is in decaauts)
 A = Elapsed time spent in this place.
 B = Non-inter-level travel time spent in this place.
 C = Inter-level travel time spent in this place.
 D = Time resting spent in this place.
 E = Time spent auto-exploring this place.
 F = Levels seen in this place.
 G = Mean time per level.
                   A        B        C        D        E       F      G
               +--------+--------+--------+--------+--------+-----+--------+
         Total |    272 |    272 |      0 |      0 |    223 |   1 |  272.0 |
       Dungeon |    272 |    272 |      0 |      0 |    223 |   1 |  272.0 |
               +--------+--------+--------+--------+--------+-----+--------+

Top non-repeatable levels by time:
     D:1: 272 daAuts
